 Dungeon Crawl Stone Soup version 0.31-a0-963-ga325b2283a (webtiles) character file.

Game seed: 7505014692030324214

114 Arcadio the Skirmisher (level 4, -8/38 HPs)
             Began as a Gnoll Hunter on Oct 24, 2023.
             Mangled by Terence
             ... wielding a +0 trident
              (10 damage)
             ... on level 3 of the Dungeon.
             The game lasted 00:04:25 (1662 turns).

Arcadio the Skirmisher (Gnoll Hunter)               Turns: 1662, Time: 00:04:25

Health: -8/38      AC:  4    Str: 10    XL:     4   Next: 98%
Magic:  5/5        EV: 13    Int:  9    God:
Gold:   160        SH:  0    Dex: 17    Spells: 5/5 levels left

rFire   . . .        b - +0 dagger (flame)
rCold   + . .        (no shield)
rNeg    . . .        c - +0 leather armour
rPois   .            q - +0 helmet
rElec   .            (no cloak)
rCorr   .            (no gloves)
SInv    .            (no boots)
Will    .....        (no amulet)
Stlth   ++           f - ring of protection from cold
HPRegen 0.26/turn    i - ring of wizardry
MPRegen 0.09/turn

%: wizardry (x1)
@: no status effects
A: fangs 1, strong nose, distributed training
a: no special abilities


You were on level 3 of the Dungeon.
You visited 1 branch of the dungeon, and saw 3 of its levels.

You collected 160 gold pieces.

Inventory:

Hand Weapons
 a - a +0 shortbow
 b - a +0 dagger of flaming (weapon)
 r - a +1 dagger of venom
Missiles
 m - 2 throwing nets
Armour
 c - a +0 leather armour (worn)
 q - a +0 helmet (worn)
Jewellery
 f - a ring of protection from cold (left hand)
 i - a ring of wizardry (right hand)
Talismans
 j - a serpent talisman
Scrolls
 d - a scroll of teleportation {unknown}
 g - 3 scrolls of blinking {unknown}
 k - a scroll of butterflies
 l - a scroll of amnesia {unknown}
 n - 2 scrolls of noise {unknown}
 p - a scroll of identify {unknown}
Potions
 e - 2 potions of degeneration {unknown}
 h - 2 potions of attraction {unknown}
 o - a potion of berserk rage {unknown}


   Skills:
 + Level 4.7 Fighting
 + Level 1.3 Short Blades
 + Level 1.3 Long Blades
 + Level 1.3 Axes
 + Level 1.3 Maces & Flails
 + Level 1.3 Polearms
 + Level 1.3 Staves
 + Level 8.6 Ranged Weapons
 + Level 1.3 Throwing
 + Level 1.3 Armour
 + Level 4.7 Dodging
 + Level 2.6 Stealth
 + Level 1.3 Shields
 + Level 1.3 Unarmed Combat
 + Level 1.3 Spellcasting
 + Level 1.0 Conjurations
 + Level 1.0 Hexes
 + Level 1.0 Summonings
 + Level 1.0 Necromancy
 + Level 1.0 Translocations
 + Level 1.0 Transmutations
 + Level 1.0 Fire Magic
 + Level 1.0 Ice Magic
 + Level 1.0 Air Magic
 + Level 1.0 Earth Magic
 + Level 1.0 Poison Magic
 + Level 1.4 Invocations
 + Level 1.3 Evocations
 + Level 1.2 Shapeshifting


You had 5 spell levels left.
You didn't know any spells.
Your spell library contained the following spells:

 Spells                   Type           Power      Damage    Failure   Level
 Necrotise                Necr           8%         1d4       12%         1
 Summon Small Mammal      Summ           8%         N/A       12%         1
 Call Canine Familiar     Summ           2%         N/A       34%         3
 Summon Guardian Golem    Hex/Summ       2%         N/A       34%         3
 Vampiric Draining        Necr           2%         2d6       34%         3
 Volatile Blastmotes      Fire/Tloc      4%         2d10      34%         3
 Brom's Barrelling Bould  Conj/Erth      2%         2d3       73%         4
 Agony                    Necr           2%         N/A       96%         5
 Starburst                Conj/Fire      1%         6d3       100%        6


Dungeon Overview and Level Annotations

Branches:
Dungeon (3/15) Zot: 16333

Altars:

Shops:
D:1 :

Annotations:
D:3 Terence


Innate Abilities, Weirdness & Mutations

You have very sharp teeth.
Your uncanny sense of smell can sniff out nearby items.
Your experience applies equally to all skills.


Message History

Terence is heavily wounded.
Terence shouts, "Now you die!" Terence hits you with a +0 trident.
You hit Terence but do no damage.
Terence is heavily wounded.
Terence hits you with a +0 trident.
You closely miss Terence. You bite Terence.
Terence is heavily wounded.
Terence completely misses you.
You hit Terence but do no damage. You bite Terence, but do no damage.
Terence is heavily wounded.
Terence says, "Rest in peace."
Terence completely misses you.
You hit Terence but do no damage.
Terence is heavily wounded.
Terence hits you with a +0 trident.
You hit Terence but do no damage.
Terence is heavily wounded.
Terence hits you with a +0 trident!
You barely miss Terence.
Terence is heavily wounded.
Terence hits you with a +0 trident.
You hit Terence but do no damage.
Terence is heavily wounded.
Terence closely misses you.
You hit Terence but do no damage.
Terence is heavily wounded.
Terence barely misses you.
You hit Terence but do no damage.
Terence is heavily wounded.
Terence hits you with a +0 trident!
You hit Terence but do no damage.
Terence is heavily wounded.
Terence hits you with a +0 trident!
* * * LOW HITPOINT WARNING * * *
Unknown command.
Terence barely misses you. Terence attacks as he pursues you!
Terence hits you from afar with a +0 trident!
You die...

∆ ### .# ..# ..
#.##.# #.#..#
#.#..+ ##
#####.#..#
#..####........##
#...@.@.###.....#
.....#######
#..#...# ... #..#
#..# # #†.# .#
#..# # ∆ #.†#
#..# ∆ ##..# ...#
#...## ....


You could see Terence.

Vanquished Creatures
  Jessica (D:3)
  Robin (D:2)
  2 adders (D:2)
  2 dart slugs
  2 ball pythons (D:2)
  12 goblins
  9 hobgoblins
  9 kobolds
  4 quokkas
  3 bats
  2 frilled lizards
  4 rats
51 creatures vanquished.

Notes
Turn   | Place    | Note
-------+----------+-------------------------------------------
     0 | D:1      | Arcadio the Gnoll Hunter began the quest for the Orb.
     0 | D:1      | Reached XP level 1. HP: 20/20 MP: 1/1
     5 | D:1      | Found Nonanim's Book Shoppe.
   148 | D:1      | Got Gykufiv's Monograph on Scorching Cleavage
   169 | D:1      | Reached XP level 2. HP: 26/26 MP: 2/2
   705 | D:2      | Reached XP level 3. HP: 29/31 MP: 3/3
   776 | D:2      | Reached skill level 1 in Invocations
  1025 | D:2      | Reached skill level 1 in Short Blades
  1025 | D:2      | Reached skill level 1 in Long Blades
  1025 | D:2      | Reached skill level 1 in Axes
  1025 | D:2      | Reached skill level 1 in Maces & Flails
  1025 | D:2      | Reached skill level 1 in Polearms
  1025 | D:2      | Reached skill level 1 in Staves
  1025 | D:2      | Reached skill level 1 in Throwing
  1025 | D:2      | Reached skill level 1 in Armour
  1025 | D:2      | Reached skill level 1 in Shields
  1025 | D:2      | Reached skill level 1 in Unarmed Combat
  1025 | D:2      | Reached skill level 1 in Spellcasting
  1025 | D:2      | Reached skill level 1 in Evocations
  1279 | D:3      | Noticed Robin
  1297 | D:3      | Reached XP level 4. HP: 28/38 MP: 5/5
  1308 | D:3      | Reached skill level 1 in Shapeshifting
  1398 | D:2      | Killed Robin
  1502 | D:3      | Noticed Jessica
  1504 | D:3      | Killed Jessica
  1505 | D:3      | Reached skill level 1 in Conjurations
  1505 | D:3      | Reached skill level 1 in Hexes
  1505 | D:3      | Reached skill level 1 in Summonings
  1505 | D:3      | Reached skill level 1 in Necromancy
  1505 | D:3      | Reached skill level 1 in Translocations
  1505 | D:3      | Reached skill level 1 in Transmutations
  1505 | D:3      | Reached skill level 1 in Fire Magic
  1505 | D:3      | Reached skill level 1 in Ice Magic
  1505 | D:3      | Reached skill level 1 in Air Magic
  1505 | D:3      | Reached skill level 1 in Earth Magic
  1505 | D:3      | Reached skill level 1 in Poison Magic
  1641 | D:3      | Noticed Terence
  1660 | D:3      | HP: 1/38 [Terence/+0 trident (10)]
  1662 | D:3      | Mangled by Terence

Illustrated notes

Levels and vault maps discovered:
D:1:      matt_arrival_grand_opening, layout_loops_ring, serial_shops,
          nicolae_square_shop
D:2:      layout_rooms, serial_bayou, serial_bayou_shore_b,
          serial_bayou_crossing, serial_bayou_pond_a, serial_bayou_pond_b,
          minmay_distorted
D:3:      layout_rooms, elyvilon_altar_3, columned_hall_lemuel,
          dk_noncrumbling_3, kennysheep_generic_room_3, uniq_robin,
          uniq_terence, uniq_jessica

Skill      XL: |  1  2  3  4 |
---------------+-------------+-----
Invocations    | 1 |  1.4
Short Blades   | 1 |  1.3
Long Blades    | 1 |  1.3
Axes           | 1 |  1.3
Maces & Flails | 1 |  1.3
Polearms       | 1 |  1.3
Staves         | 1 |  1.3
Throwing       | 1 |  1.3
Armour         | 1 |  1.3
Shields        | 1 |  1.3
Unarmed Combat | 1 |  1.3
Spellcasting   | 1 |  1.3
Evocations     | 1 |  1.3
Shapeshifting  | 1 |  1.2
Conjurations   | 1 |  1.0
Hexes          | 1 |  1.0
Summonings     | 1 |  1.0
Necromancy     | 1 |  1.0
Translocations | 1 |  1.0
Transmutations | 1 |  1.0
Fire Magic     | 1 |  1.0
Ice Magic      | 1 |  1.0
Air Magic      | 1 |  1.0
Earth Magic    | 1 |  1.0
Poison Magic   | 1 |  1.0
Fighting       | |  4.7
Ranged Weapons | |  8.6
Dodging        | |  4.7
Stealth        | |  2.6

Action                     |  1- 3 |  4- 6 || total
---------------------------+-------+-------++-------
  Melee: Dagger            |    15 |    52 ||    67
         Bite              |       |     7 ||     7
   Fire: Shortbow          |    86 |    22 ||   108
 Armour: Leather armour    |    21 |    31 ||    52
  Dodge: Dodged            |    33 |    39 ||    72

Table legend: (Time is in decaauts)
 A = Elapsed time spent in this place.
 B = Non-inter-level travel time spent in this place.
 C = Inter-level travel time spent in this place.
 D = Time resting spent in this place.
 E = Time spent auto-exploring this place.
 F = Levels seen in this place.
 G = Mean time per level.
                   A        B        C        D        E       F      G
               +--------+--------+--------+--------+--------+-----+--------+
         Total |   1665 |   1578 |     87 |    105 |   1182 |   3 |  555.0 |
       Dungeon |   1665 |   1578 |     87 |    105 |   1182 |   3 |  555.0 |
               +--------+--------+--------+--------+--------+-----+--------+

Top non-repeatable levels by time:
     D:2: 770 daAuts
     D:1: 639 daAuts
     D:3: 255 daAuts
